 Dungeon Crawl Stone Soup version 0.30-a0-390-g80c34de65d (webtiles) character file.

Game seed: 13991467127963305110

93 arthad the Insei (level 4, -1/34 HPs)
             Began as a Gnoll Transmuter on Dec 4, 2022.
             Slain by an ufetubus (2 damage)
             ... summoned by Eustachio
             ... on level 4 of the Dungeon.
             The game lasted 00:03:27 (2604 turns).

arthad the Insei (Gnoll Transmuter)                 Turns: 2604, Time: 00:03:27

Health: -1/34      AC: 10    Str: 10    XL:     4   Next: 61%
Magic:  11/11      EV:  5    Int: 14    God:
Gold:   80         SH:  0    Dex: 12    Spells: 10/13 levels left

rFire   + . .      SeeInvis .      - Unarmed
rCold   + . .      Faith    .    (no shield)
rNeg    . . .      Spirit   .    r - +2 chain mail {rPois}
rPois   +          Reflect  .    (no helmet)
rElec   +          Harm     .    (no cloak)
rCorr   +          Rampage  .    (no gloves)
Will    .....                    (no boots)
Stlth   ..........               (no amulet)
HPRegen 0.25/turn                (no ring)
MPRegen 0.12/turn                (no ring)

@: mighty, resistant, flying
A: fangs 1, strong nose, distributed training
a: no special abilities


You were on level 4 of the Dungeon.
You visited 1 branch of the dungeon, and saw 4 of its levels.

You collected 80 gold pieces.

Inventory:

Armour
 a - a +0 robe
 r - a +2 chain mail of poison resistance (worn)
Magical Staves
 c - a staff of earth
 h - a staff of conjuration
Wands
 p - a wand of paralysis (10)
 u - a wand of iceblast (6)
Scrolls
 d - 2 scrolls of enchant weapon {unknown}
 f - 4 scrolls of identify {unknown}
 i - a scroll of torment {unknown}
 j - a scroll of enchant armour {unknown}
 k - 2 scrolls of summoning {unknown}
 o - a scroll of noise {unknown}
 q - 2 scrolls of teleportation {unknown}
 s - a scroll of amnesia {unknown}
 t - a scroll of vulnerability {unknown}
Potions
 b - a potion of lignification
 e - a potion of flight
 g - a potion of might
 m - a potion of degeneration {unknown}
 n - a potion of mutation {unknown}


   Skills:
 + Level 2.8 Fighting
 + Level 1.2 Short Blades
 + Level 1.2 Long Blades
 + Level 1.2 Axes
 + Level 1.2 Maces & Flails
 + Level 1.2 Polearms
 + Level 1.2 Staves
 + Level 1.2 Ranged Weapons
 + Level 1.2 Throwing
 + Level 1.2 Armour
 + Level 4.7 Dodging
 + Level 1.2 Stealth
 + Level 1.2 Shields
 + Level 6.6 Unarmed Combat
 + Level 5.1 Spellcasting
 + Level 1.0 Conjurations
 + Level 1.0 Hexes
 + Level 1.0 Summonings
 + Level 1.0 Necromancy
 + Level 1.0 Translocations
 + Level 3.9 Transmutations
 + Level 1.0 Fire Magic
 + Level 1.0 Ice Magic
 + Level 1.0 Air Magic
 + Level 1.0 Earth Magic
 + Level 1.0 Poison Magic
 + Level 1.3 Invocations
 + Level 1.2 Evocations


You had 10 spell levels left.
You knew the following spells:

 Your Spells              Type           Power      Damage    Failure   Level
a - Beastly Appendage     Tmut           28%        N/A       95%         1
b - Wereblood             Tmut           14%        N/A       99%         2

Your spell library contained the following spells:

 Spells                   Type           Power      Damage    Failure   Level
 Gell's Gravitas          Tloc           6%         N/A       100%        3
 Lesser Beckoning         Tloc           12%        N/A       100%        3
 Spider Form              Tmut/Pois      10%        N/A       100%        3
 Teleport Other           Tloc           6%         N/A       100%        3
 Ice Form                 Ice/Tmut       10%        N/A       100%        4


Dungeon Overview and Level Annotations

Branches:
Dungeon (4/15)
 Temple: D:4-7

Altars:
The Shining One

Shops:
D:1 :

Annotations:
D:4 Eustachio


Innate Abilities, Weirdness & Mutations

You have very sharp teeth.
Your uncanny sense of smell can sniff out nearby items.
Your experience applies equally to all skills.


Message History

You are too injured to fight recklessly!
You are too injured to fight recklessly!
You are too injured to fight recklessly!
It was a potion of flight.
You feel very buoyant.
You fly up into the air.
The jackal bites you but does no damage.
The ufetubus hits you but does no damage.
The ufetubus barely misses you. The goblin hits you with a +0 club.
Eustachio casts a spell.
Eustachio blinks!
The jackal bites you but does no damage.
The ufetubus barely misses you. The ufetubus closely misses you.
It was a potion of might.
You feel very mighty all of a sudden.
The jackal bites you but does no damage.
The goblin barely misses you. The ufetubus hits you. x2
You punch the jackal!
You kill the jackal!
The ufetubus hits you but does no damage.
The ufetubus barely misses you. The goblin hits you but does no damage.
You punch the goblin!
You kill the goblin!
The ufetubus hits you.
* * * LOW HITPOINT WARNING * * *
The ufetubus hits you but does no damage. x3
The ufetubus barely misses you. The ufetubus completely misses you.
Eustachio hits you with a +0 rapier.
* * * LOW HITPOINT WARNING * * *
You barely miss Eustachio. Your punch misses Eustachio.
Eustachio is severely wounded.
The ufetubus hits you but does no damage. x2
Eustachio hits you with a +0 rapier!
* * * LOW HITPOINT WARNING * * *
It was a potion of resistance.
You feel protected.
The ufetubus barely misses you. x2; The bat barely misses you.
The ufetubus hits you but does no damage.
The ufetubus hits you.
You die...

..#).#
#.#..#
#.#..# #
#.#.$#
#.#.#..#
#.#.#..#
#...#†)#
#..@#..#
#..b@5.#
#.......##
#.#.#####
# ##


You could see Eustachio, an ufetubus (summoned) and a bat (summoned).

Vanquished Creatures
  An adder (D:2)
  3 worms
  2 orcs (D:3)
  3 bats
  2 endoplasms
  A giant cockroach (D:2)
  8 goblins
  6 hobgoblins
  6 jackals
  4 quokkas
  5 ball pythons
  7 frilled lizards
  11 kobolds
  6 rats
65 creatures vanquished.

Notes
Turn   | Place    | Note
-------+----------+-------------------------------------------
     0 | D:1      | arthad the Gnoll Transmuter began the quest for the Orb.
     0 | D:1      | Reached XP level 1. HP: 17/17 MP: 6/6
   133 | D:1      | Reached XP level 2. HP: 23/23 MP: 5/7
   340 | D:1      | Learned a level 2 spell: Wereblood
   438 | D:1      | Found Zami's Vocational Training.
   510 | D:1      | Reached skill level 5 in Spellcasting
   510 | D:1      | Reached XP level 3. HP: 28/28 MP: 7/9
  1037 | D:1      | Reached skill level 1 in Invocations
  1227 | D:2      | Reached skill level 1 in Short Blades
  1227 | D:2      | Reached skill level 1 in Long Blades
  1227 | D:2      | Reached skill level 1 in Axes
  1227 | D:2      | Reached skill level 1 in Maces & Flails
  1227 | D:2      | Reached skill level 1 in Polearms
  1227 | D:2      | Reached skill level 1 in Staves
  1227 | D:2      | Reached skill level 1 in Ranged Weapons
  1227 | D:2      | Reached skill level 1 in Throwing
  1227 | D:2      | Reached skill level 1 in Armour
  1227 | D:2      | Reached skill level 1 in Stealth
  1227 | D:2      | Reached skill level 1 in Shields
  1227 | D:2      | Reached skill level 1 in Evocations
  1394 | D:2      | Reached XP level 4. HP: 34/34 MP: 11/11
  2134 | D:3      | Reached skill level 1 in Conjurations
  2134 | D:3      | Reached skill level 1 in Hexes
  2134 | D:3      | Reached skill level 1 in Summonings
  2134 | D:3      | Reached skill level 1 in Necromancy
  2134 | D:3      | Reached skill level 1 in Translocations
  2134 | D:3      | Reached skill level 1 in Fire Magic
  2134 | D:3      | Reached skill level 1 in Ice Magic
  2134 | D:3      | Reached skill level 1 in Air Magic
  2134 | D:3      | Reached skill level 1 in Earth Magic
  2134 | D:3      | Reached skill level 1 in Poison Magic
  2237 | D:3      | Found a glowing golden altar of the Shining One.
  2582 | D:4      | Noticed Eustachio
  2603 | D:4      | HP: 1/34 [Eustachio/+0 rapier (7)]
  2604 | D:4      | Slain by an ufetubus

Illustrated notes

Levels and vault maps discovered:
D:1:      amcnicky_arrival_underground_garden, layout_basic,
          kennysheep_nondescript, grunt_decor_fettered, nicolae_shop_vocational
D:2:      layout_basic, amcnicky_mini_corridor_feature
D:3:      layout_basic, nicolae_tso_swordbearing_angel, st_stairs_4,
          nicolae_figureground_sparkle
D:4:      layout_basic, uniq_blork_the_orc, uniq_edmund, uniq_eustachio

Skill      XL: |  1  2  3  4 |
---------------+-------------+-----
Spellcasting   | 5 |  5.1
Invocations    | 1 |  1.3
Short Blades   | 1 |  1.2
Long Blades    | 1 |  1.2
Axes           | 1 |  1.2
Maces & Flails | 1 |  1.2
Polearms       | 1 |  1.2
Staves         | 1 |  1.2
Ranged Weapons | 1 |  1.2
Throwing       | 1 |  1.2
Armour         | 1 |  1.2
Stealth        | 1 |  1.2
Shields        | 1 |  1.2
Evocations     | 1 |  1.2
Conjurations   | 1 |  1.0
Hexes          | 1 |  1.0
Summonings     | 1 |  1.0
Necromancy     | 1 |  1.0
Translocations | 1 |  1.0
Fire Magic     | 1 |  1.0
Ice Magic      | 1 |  1.0
Air Magic      | 1 |  1.0
Earth Magic    | 1 |  1.0
Poison Magic   | 1 |  1.0
Fighting       | |  2.8
Dodging        | |  4.7
Unarmed Combat | |  6.6
Transmutations | |  3.9

Action                   |  1- 3 |  4- 6 || total
-------------------------+-------+-------++-------
Melee: Unarmed           |   110 |    78 ||   188
       Kick              |    11 |       ||    11
       Headbutt          |     6 |       ||     6
       Bite              |     5 |     1 ||     6
       Punch             |     1 |     2 ||     3
 Cast: Beastly Appendage |     7 |       ||     7
  Use: Potion            |       |     3 ||     3
 Stab: Sleeping          |     1 |       ||     1
Armor: Robe              |    15 |     1 ||    16
       Chain mail        |       |    43 ||    43
Dodge: Dodged            |    64 |    39 ||   103

Table legend: (Time is in decaauts)
 A = Elapsed time spent in this place.
 B = Non-inter-level travel time spent in this place.
 C = Inter-level travel time spent in this place.
 D = Time resting spent in this place.
 E = Time spent auto-exploring this place.
 F = Levels seen in this place.
 G = Mean time per level.
                   A        B        C        D        E       F      G
               +--------+--------+--------+--------+--------+-----+--------+
         Total |   2580 |   2524 |     56 |      0 |   2085 |   4 |  645.0 |
       Dungeon |   2580 |   2524 |     56 |      0 |   2085 |   4 |  645.0 |
               +--------+--------+--------+--------+--------+-----+--------+

Top non-repeatable levels by time:
     D:1: 1100 daAuts
     D:3: 796 daAuts
     D:2: 663 daAuts
     D:4: 20 daAuts
